 Dungeon Crawl Stone Soup version 0.28.0-43-g3370ac3207 (webtiles) character file.

Game seed: 2620288661352751183

110 smolbon the Chopper (level 4, -14/35 (40) HPs)
             Began as a Hill Orc Fighter on Mar 19, 2022.
             Was an Initiate of the Shining One.
             Killed from afar by Ijyb (22 damage)
             ... with a bolt of acid
             ... on level 3 of the Dungeon.
             The game lasted 00:03:58 (2572 turns).

smolbon the Chopper (Hill Orc Fighter)              Turns: 2572, Time: 00:03:58

HP:   -14/35 (40)   AC: 12    Str: 20    XL:     4   Next: 91%
MP:   4/4           EV:  6    Int:  8    God:    the Shining One [......]
Gold: 65            SH:  0    Dex: 10    Spells: 3/3 levels left

rFire   . . .      SeeInvis .   a - +0 war axe
rCold   . . .      Faith    .   (no shield)
rNeg    . . .      Spirit   .   e - +0 plate armour
rPois   .          Reflect  .   (no helmet)
rElec   .          Harm     .   (no cloak)
rCorr   .          Rampage  .   (no gloves)
Will    .....                   (no boots)
Stlth   ..........              b - amulet of magic regeneration
HPRegen 0.11/turn               l - +4 ring of protection
MPRegen 0.49/turn               (no ring)

@: mighty, corroded, glowing, heavily drained
A: no striking features
a: Renounce Religion


You were on level 3 of the Dungeon.
You worshipped the Shining One.
The Shining One was noncommittal.
You visited 1 branch of the dungeon, and saw 3 of its levels.

You collected 65 gold pieces.

Inventory:

Hand Weapons
 a - a +0 war axe (weapon)
Armour
 e - a +0 plate armour (worn)
Jewellery
 b - an amulet of magic regeneration (around neck)
 l - a +4 ring of protection (left hand)
Scrolls
 f - a scroll of acquirement {unknown}
 g - a scroll of summoning {unknown}
 h - 2 scrolls of identify {unknown}
 i - a scroll of amnesia {unknown}
 j - a scroll of teleportation {unknown}
 n - a scroll of fear {unknown}
 o - a scroll of enchant armour {unknown}
Potions
 c - 2 potions of flight {unknown}
 k - a potion of magic {unknown}
 m - a potion of curing {unknown}


   Skills:
 + Level 4.2 Fighting
 + Level 4.7 Axes
 + Level 4.5 Armour
 + Level 0.1 Dodging
 - Level 3.2 Shields


You had 3 spell levels left.
You didn't know any spells.
Your spell library was empty.

Dungeon Overview and Level Annotations

Branches:
Dungeon (3/15)

Altars:
Qazlal
The Shining One

Annotations:
D:3 Ijyb


Message History

You kill the kobold!
You barely miss the jackal. The jackal completely misses you.
Ijyb screams, "I no like you!" The jackal barely misses you.
You closely miss the jackal. The jackal barely misses you.
Ijyb zaps a wand.
The bolt of acid hits the jackal!!
The acid corrodes the jackal!
The jackal dies!
The bolt of acid hits you!!
Ouch! That really hurt!
The acid corrodes you!
You are too injured to fight recklessly!
You are too injured to fight recklessly!
You are too injured to fight recklessly!
You are too injured to fight recklessly!
You are too injured to fight recklessly!
You are too injured to fight recklessly!
You are too injured to fight recklessly!
You are too injured to fight recklessly!
You are too injured to fight recklessly!
You are too injured to fight recklessly!
You are too injured to fight recklessly!
You are too injured to fight recklessly!
You are too injured to fight recklessly!
You are too injured to fight recklessly!
You are too injured to fight recklessly!
You are too injured to fight recklessly!
You are too injured to fight recklessly!
You are too injured to fight recklessly!
You are too injured to fight recklessly!
You are too injured to fight recklessly!
You are too injured to fight recklessly!
You are too injured to fight recklessly!
Ijyb hits you with a +3 spectral club.
* * * LOW HITPOINT WARNING * * *
Things that are here:
a +1 dagger of draining; 3 stones; a kobold corpse You feel very mighty all of a sudden.
Ijyb zaps a wand.
The bolt of acid hits you!!
Ouch! That really hurt!
You die...

.##.##.# ####.# #...
.##.##.#.g.<...
#####.#######...
.##.##.#....(..
#............)..
.##.##.#.......
#...............
.......#......K
#...#.#......... ###...##
..... #.>...#..####... ###.#
... #...)##......... #.#
#.###........##..... #.#
#gg@.........##..... #)#####
#########.##.##.....# #.....#
#..[......##.##...###
#####.###.##########.##......
#........# #......###
#.##.##..# ####.###
#.##.....# #.# #.#####.## #.#
#.#####.# ...


You could see Ijyb and a goblin.

Vanquished Creatures
  Natasha (D:3)
  3 adders
  2 worms
  A dart slug (D:1)
  7 ball pythons
  6 endoplasms
  2 giant cockroaches
  3 goblins
  6 hobgoblins
  3 jackals
  4 bats
  2 frilled lizards
  7 kobolds
  A rat (D:1)
48 creatures vanquished.

Vanquished Creatures (others)
  A jackal (D:3)
1 creature vanquished.

Grand Total: 49 creatures vanquished

Notes
Turn   | Place    | Note
-------+----------+-------------------------------------------
     0 | D:1      | smolbon the Hill Orc Fighter began the quest for the Orb.
     0 | D:1      | Reached XP level 1. HP: 19/19 MP: 1/1
   342 | D:1      | Reached XP level 2. HP: 27/27 MP: 2/2
   932 | D:2      | Found a stormy altar of Qazlal.
  1016 | D:2      | Reached XP level 3. HP: 27/33 MP: 3/3
  1623 | D:2      | Reached XP level 4. HP: 34/40 MP: 4/4
  2013 | D:3      | Noticed Natasha
  2025 | D:3      | Killed Natasha
  2204 | D:3      | Found a glowing golden altar of the Shining One.
  2241 | D:3      | Became a worshipper of the Shining One
  2555 | D:3      | Noticed Ijyb
  2572 | D:3      | Killed from afar by Ijyb

Illustrated notes

Levels and vault maps discovered:
D:1:      psy_arrival_fountain, layout_basic
D:2:      layout_rooms, basic_altar, palyth_stone_intersect,
          grunt_decor_clamped, hex_intersection, grunt_decor_fettered
D:3:      layout_loops_cross, tso_metal_star, uniq_ijyb, uniq_natasha

Skill      XL: |  1  2  3  4 |
---------------+-------------+-----
Fighting       | 4 |  4.2
Axes           | 3 4 |  4.7
Armour         | 4 |  4.5
Dodging        | |  0.1
Shields        | |  3.2

Action                   |  1- 3 |  4- 6 || total
-------------------------+-------+-------++-------
Melee: War axe           |    96 |    70 ||   166
       Punch             |       |     1 ||     1
  Use: Potion            |       |     1 ||     1
Armor: Scale mail        |     5 |       ||     5
       Plate armour      |    52 |    49 ||   101
Dodge: Dodged            |    37 |    26 ||    63
